 Dungeon Crawl Stone Soup version 0.18-a0-946-g3ac5b32 (webtiles) character file.

245074 Duffy the Eclecticist (level 19, -3/98 HPs)
             Began as a Spriggan Enchanter on Dec 29, 2015.
             Was a High Priest of Cheibriados.
             Slain by a deep troll (10 damage)
             ... led by an ironheart preserver
             ... on level 2 of the Vaults.
             The game lasted 02:32:11 (57268 turns).

Duffy the Eclecticist (Spriggan Enchanter)         Turns: 57268, Time: 02:32:11

Health: -3/98      AC: 15    Str: 19    XL:     19   Next: 16%
Magic:  37/49      EV: 39    Int: 34    God:    Cheibriados [*****.]
Gold:   1644       SH:  0    Dex: 38    Spells: 10 memorised, 12 levels left

rFire  + + .     SeeInvis +     a - +7 double sword (flame)
rCold  + + .     Gourm    .     z - +4 fire dragon armour
rNeg   . . .     Faith    +     (shield currently unavailable)
rPois  .         Spirit   .     (helmet restricted)
rElec  +         Dismiss  .     Z - +2 cloak of Starlight {rElec rC+ EV+4 Stlth--}
rCorr  .         Reflect  .     (gloves unavailable)
SustAt .         Harm     .     (boots unavailable)
MR     ++++.                    B - amulet of Inoaduri {Faith rC++ Dex+4}
Stlth  ++++......               E - ring of protection from magic
                                p - ring of magical power

@: deflect missiles, very slow, incredibly resistant to hostile enchantments,
stealthy
A: unfitting armour, see invisible, herbivore 3, speed 3, slow metabolism 2
a: Bend Time, Temporal Distortion, Slouch, Step From Time, Renounce Religion
}: 1/15 runes: decaying


You were on level 2 of the Vaults.
You worshipped Cheibriados.
Cheibriados was extremely pleased with you.
You were not hungry.

You visited 8 branches of the dungeon, and saw 34 of its levels.
You also visited: Labyrinth, Ice Cave and Wizlab.

You collected 3016 gold pieces.
You spent 1372 gold pieces at shops.


Innate Abilities, Weirdness & Mutations

You are tiny and cannot use many weapons and most armour.
You have supernaturally acute eyesight.
You are a herbivore.
You cover ground extremely quickly.
You need consume almost no food.


   Skills:
 - Level 10.0 Fighting
 - Level 5.0(8.0) Short Blades
 + Level 7.4(7.8) Long Blades
 - Level 15.8 Dodging
 - Level 14.5 Stealth
 - Level 16.0 Spellcasting
 - Level 12.0 Conjurations
 - Level 8.5 Hexes
 - Level 9.2 Charms
 - Level 4.0 Necromancy
 - Level 7.0 Air Magic
 - Level 13.2 Poison Magic
 - Level 10.0 Invocations


You had 12 spell levels left.
You knew the following spells:

 Your Spells              Type           Power        Failure   Level  Hunger
a - Poison Arrow          Conj/Pois      #######...   6%          6    #......
g - Phase Shift           Tloc           ####......   98%         5    None
h - Poisonous Cloud       Conj/Pois/Air  #######...   12%         6    #......
j - Confuse               Hex            ######..     1%          3    None
l - Ensorcelled Hibernat  Hex/Ice        ######       1%          2    None
n - Tukima's Dance        Hex            ######..     1%          3    None
r - Corona                Hex            ######.      1%          1    None
u - Regeneration          Chrm/Necr      ######....   1%          3    None
y - Dazzling Spray        Conj/Hex       #######.     1%          3    None
M - Deflect Missiles      Chrm/Air       ######....   34%         6    #......

Inventory:

Hand Weapons
 a - a +7 double sword of flaming (weapon)
 b - the +4 dagger "Morg" {pain, MR+ Int+5} In the hands of one skilled in necromantic magic, it inflicts extra damage on living creatures. It affects your intelligence (+5). It affects your resistance to hostile enchantments.
 L - a +0 blowgun
Missiles
 v - 10 throwing nets (quivered)
 F - 114 poisoned needles
 V - 8 curare-tipped needles
Armour
 z - a +4 fire dragon armour (worn)
 Z - the +2 cloak of Starlight (worn) {rElec rC+ EV+4 Stlth--}

   It affects your evasion (+4).
   It protects you from cold.
   It insulates you from electricity.
   It makes you much less stealthy.
Jewellery
 p - a ring of magical power (left hand)
 B - the amulet of Inoaduri (around neck) {Faith rC++ Dex+4}

   [amulet of faith]

   It allows you to gain divine favour quickly.
   It affects your dexterity (+4).
   It greatly protects you from cold.
 D - an uncursed ring of flight
 E - a ring of protection from magic (right hand)
 G - an uncursed ring of sustain attributes
 S - an uncursed ring of teleportation
Wands
 k - a wand of teleportation (3/9)
 s - a wand of digging (9/24)
 C - a wand of heal wounds (4/9)
 O - a wand of disintegration (16/24)
 W - a wand of teleportation (7/9)
Scrolls
 c - a scroll of teleportation
 f - a scroll of summoning
 h - 18 scrolls of remove curse
 i - 6 scrolls of fear
 t - 5 scrolls of amnesia
 x - 2 scrolls of immolation
 A - 5 scrolls of fog
 H - 2 scrolls of blinking
 J - 2 scrolls of holy word
 N - 2 scrolls of magic mapping
 Q - 3 scrolls of vulnerability
Potions
 e - 2 potions of invisibility
 g - 6 potions of flight
 l - 2 potions of heal wounds
 n - 10 potions of curing
 o - a potion of resistance {unknown}
 r - 3 potions of cure mutation
 u - 3 potions of brilliance
 I - a potion of ambrosia {unknown}
 K - 2 potions of agility
 M - 3 potions of might
 P - 2 potions of magic
 R - 3 potions of cancellation
Comestibles
 d - 19 bread rations
 m - a slice of pizza
 q - 4 royal jellies

Dungeon Overview and Level Annotations

Branches:
Dungeon (15/15)            Temple (1/1) D:4            Lair (8/8) D:8
  Swamp (4/4) Lair:6        Snake (1/4) Lair:4        Slime (0/6) Lair:8
    Orc (2/2) D:10            Elf (1/3) Orc:2        Vaults (2/5) D:14
 Depths (0/5) D:15
  Crypt: Vaults:2-3

Altars:
Ashenzari
Cheibriados
Dithmenos
Elyvilon
Fedhas
Gozag
Kikubaaqudgha
Makhleb
Nemelex Xobeh
Okawaru
Pakellas
Qazlal
Ru
Sif Muna
Trog
Vehumet
Xom
Yredelemnul
Zin
The Shining One

Shops:
D:5 (   D:12 ?   D:14 !   D:15 *   Orc:2 *((%

Annotations:
D:4 exclusion: door
D:14 exclusion: Roxanne, Roxanne


Message History

The ironheart preserver mumbles some strange words.
The ironheart preserver begins to accept its allies' injuries.
The deep troll earth mage completely misses you. x3
You slash the deep troll earth mage! You burn the deep troll earth mage.
The deep troll earth mage is almost dead.
The deep troll earth mage bites you!
The deep troll earth mage completely misses you. x2
The stone giant misses you. The deep troll shaman misses you.
The deep troll shaman completely misses you. x2
The deep troll closely misses you. The deep troll completely misses you.
The deep troll misses you.
You hit the deep troll earth mage but do no damage.
The deep troll earth mage is almost dead.
The deep troll earth mage completely misses you. x3
The stone giant completely misses you.
The deep troll shaman barely misses you.
The deep troll shaman completely misses you.
The deep troll shaman misses you.
The deep troll earth mage barely misses you.
The deep troll earth mage claws you.
The deep troll earth mage completely misses you.
The deep troll bites you! The deep troll closely misses you.
The deep troll completely misses you.
You closely miss the deep troll earth mage.
The deep troll earth mage is almost dead.
The deep troll earth mage completely misses you.
The deep troll earth mage misses you.
The deep troll earth mage completely misses you.
The stone giant completely misses you.
The deep troll shaman calls upon its god to strengthen the deep troll earth mage.
The deep troll earth mage seems to grow stronger.
The deep troll completely misses you.
The deep troll claws you but does no damage.
The deep troll claws you!
You die...

..## #######'######*,,,,,,,
...## #.......(..# *,,,,<,,
....# #..........# *,,,,,,,
.(..# #.......)..# *,,,,,,,
.#..# #.......%..# *,,,,,,,
###.#
#..........#**###*+***
.#..# #..........#,....,,*
....# #..........#.....,,*
....# #....@T....'..~~~.,*
...## #...TpC....#..~~~.,*
..## #...%TT....#..~~~.,*
.##
*******#..........#,.....,*
##
*,,,,,,#..........#,.....,*
#
*,,,,,,#..........#**####**
*,,,,,,#..........#
*,,,,,,#..........#
*,,,,,,#..........# *****


You could see an ironheart preserver, a stone giant, 2 deep trolls, a deep troll
earth mage and a deep troll shaman.

Action                   |  1- 3 |  4- 6 |  7- 9 | 10-12 | 13-15 | 16-18 | 19-21 || total
-------------------------+-------+-------+-------+-------+-------+-------+-------++-------
Melee: Dagger            |   129 |    83 |   309 |   436 |   777 |   573 |       ||  2307
       Double sword      |       |       |       |       |       |   275 |    47 ||   322
 Cast: Ensorcelled Hiber |     8 |    14 |    66 |   232 |   279 |   168 |       ||   767
       Confuse           |       |     6 |    29 |    55 |    93 |    59 |       ||   242
       Corona            |       |       |     2 |       |       |       |       ||     2
       Dazzling Spray    |       |       |       |       |    12 |   111 |       ||   123
       Poison Arrow      |       |       |       |       |   194 |   466 |    12 ||   672
       Poisonous Cloud   |       |       |       |       |     1 |     8 |       ||     9
       Deflect Missiles  |       |       |       |       |     1 |     3 |       ||     4
       Regeneration      |       |       |       |       |       |    13 |       ||    13
       Tukima's Dance    |       |       |       |       |       |     1 |       ||     1
Invok: Slouch            |       |       |       |       |       |     1 |     5 ||     6
Evoke: Wand              |       |       |       |       |     1 |    11 |       ||    12
  Use: Scroll            |       |       |     6 |    10 |    20 |    25 |     1 ||    62
       Potion            |       |       |       |       |     1 |     3 |       ||     4
 Stab: Sleeping          |     9 |     9 |    66 |   191 |   217 |   130 |       ||   622
       Confused          |       |     7 |    23 |    45 |    66 |    43 |       ||   184
       Distracted        |       |     1 |       |     1 |     2 |     4 |       ||     8
       Invisible         |       |       |       |       |     3 |    24 |       ||    27
  Eat: Bread ration      |       |       |     2 |     1 |       |       |       ||     3
       Fruit             |       |       |     2 |       |    15 |     9 |       ||    26
       Pizza             |       |       |       |       |     2 |       |       ||     2
       Royal jelly       |       |       |       |       |     4 |    12 |       ||    16

Notes
Turn   | Place    | Note
--------------------------------------------------------------
     0 | D:1      | Duffy the Spriggan Enchanter began the quest for the Orb.
     0 | D:1      | Reached XP level 1. HP: 9/9 MP: 5/5
    89 | D:1      | Reached skill level 3 in Spellcasting
   149 | D:2      | Noticed Robin
   423 | D:2      | Reached XP level 2. HP: 13/13 MP: 7/7
   507 | D:1      | Learned a level 2 spell: Ensorcelled Hibernation
   646 | D:1      | Killed Robin
   646 | D:1      | Reached XP level 3. HP: 16/16 MP: 6/9
   772 | D:2      | Reached skill level 2 in Short Blades
   797 | D:2      | Reached skill level 4 in Spellcasting
  1040 | D:2      | Found a burning altar of Makhleb.
  1095 | D:3      | Learned a level 3 spell: Confuse
  1099 | D:3      | Learned a level 3 spell: Tukima's Dance
  1175 | D:3      | Noticed a giant frog
  1204 | D:3      | Killed a giant frog
  1204 | D:3      | Reached skill level 4 in Hexes
  1204 | D:3      | Reached XP level 4. HP: 10/21 MP: 0/11
  1474 | D:4      | Reached skill level 5 in Spellcasting
  1474 | D:4      | Reached XP level 5. HP: 24/24 MP: 5/13
  1540 | D:3      | Reached skill level 3 in Short Blades
  1561 | D:3      | Noticed Grinder
  1568 | D:3      | Noticed st0uf's ghost (weakling FoFi)
  1607 | D:3      | Killed st0uf's ghost
  1775 | D:3      | Noticed Purgy
  2206 | D:3      | Killed Grinder
  2206 | D:3      | Reached skill level 7 in Spellcasting
  2206 | D:3      | Reached XP level 6. HP: 28/28 MP: 13/17
  2234 | D:3      | Learned a level 3 spell: Dazzling Spray
  2240 | D:3      | Found a sparkling altar of Nemelex Xobeh.
  2349 | D:3      | Killed Purgy
  2349 | D:3      | Reached skill level 4 in Short Blades
  2527 | D:3      | Found a shimmering altar of Xom.
  2565 | D:4      | Reached XP level 7. HP: 32/32 MP: 18/18
  2684 | D:4      | Noticed herpmino's ghost (weakling DsGl)
  2703 | D:4      | Killed herpmino's ghost
  3286 | D:4      | Reached skill level 5 in Stealth
  3418 | D:4      | Found a staircase to the Ecumenical Temple.
  3427 | Temple   | Entered the Ecumenical Temple
  3439 | Temple   | Became a worshipper of Cheibriados the Contemplative
  3658 | D:3      | Reached skill level 5 in Hexes
  4185 | D:2      | Reached skill level 5 in Short Blades
  4187 | D:2      | Found a faded altar to an unknown god.
  5121 | D:5      | Entered Level 5 of the Dungeon
  5394 | D:4      | Found a burning altar of Makhleb.
  5395 | D:4      | Found a radiant altar of Vehumet.
  5398 | D:4      | Reached skill level 1 in Fighting
  5398 | D:4      | Reached skill level 8 in Spellcasting
  5579 | D:4      | Reached skill level 6 in Stealth
  5579 | D:4      | Reached XP level 8. HP: 35/37 MP: 20/21
  5712 | D:4      | Reached * piety under Cheibriados
  6242 | D:4      | Reached skill level 6 in Hexes
  6411 | D:5      | Found an iron altar of Okawaru.
  6420 | D:5      | Noticed Edmund
  6439 | D:5      | Killed Edmund
  6551 | D:5      | Noticed Sigmund
  6557 | D:5      | Killed Sigmund
  6557 | D:5      | Reached skill level 2 in Fighting
  6830 | D:5      | Found Peguot's Antique Weapon Shop.
  6835 | D:5      | Reached skill level 7 in Hexes
  7054 | D:5      | Reached skill level 7 in Stealth
  7289 | D:6      | Found a blossoming altar of Fedhas.
  7427 | D:6      | Found a deep blue altar of Sif Muna.
  7653 | D:6      | Noticed Menkaure
  7672 | D:6      | Killed Menkaure
  7672 | D:6      | Reached skill level 8 in Hexes
  7814 | D:6      | Reached skill level 3 in Fighting
  7991 | D:7      | Reached skill level 4 in Dodging
  7991 | D:7      | Reached XP level 9. HP: 44/44 MP: 22/22
  8128 | D:7      | Noticed Pikel
  8129 | D:7      | Found a bloodstained altar of Trog.
  8146 | D:7      | Killed Pikel
  8146 | D:7      | Reached skill level 7 in Dodging
  8189 | D:7      | Found an ancient bone altar of Kikubaaqudgha.
  8223 | D:7      | Found a glowing silver altar of Zin.
  8231 | D:7      | Reached skill level 8 in Stealth
  8370 | D:7      | Reached skill level 8 in Dodging
  8445 | D:7      | Got a clouded golden ring
  8526 | D:7      | Reached skill level 9 in Stealth
  8549 | D:7      | Reached skill level 4 in Fighting
  8830 | D:7      | Noticed Crazy Yiuf
  8841 | D:7      | Killed Crazy Yiuf
  8848 | D:7      | Identified the ring "Menish" {Fire +Fly MR+ Str-4 Dex+4} (You took it off an orc on level 7 of the Dungeon)
  8991 | D:8      | Reached skill level 9 in Dodging
  9046 | D:8      | Noticed a hill giant
  9058 | D:8      | Killed a hill giant
  9058 | D:8      | Reached skill level 10 in Stealth
  9058 | D:8      | Reached XP level 10. HP: 51/51 MP: 23/23
  9211 | D:8      | Reached skill level 5 in Fighting
  9215 | D:8      | Found a staircase to the Lair.
  9257 | D:8      | Reached skill level 10 in Dodging
  9473 | D:8      | Reached skill level 11 in Stealth
  9799 | D:9      | Noticed an unseen horror
  9853 | D:10     | Entered Level 10 of the Dungeon
 10018 | D:10     | Reached ** piety under Cheibriados
 10078 | D:10     | Reached skill level 11 in Dodging
 10233 | D:9      | Reached skill level 12 in Stealth
 10412 | D:10     | Reached skill level 6 in Fighting
 10577 | D:10     | Found a staircase to the Orcish Mines.
 10724 | D:10     | Reached skill level 12 in Dodging
 10724 | D:10     | Reached XP level 11. HP: 47/58 MP: 24/24
 10910 | D:10     | Reached *** piety under Cheibriados
 11811 | D:9      | Noticed a six-headed hydra
 11918 | Lair:1   | Entered Level 1 of the Lair of Beasts
 11982 | Lair:1   | Reached skill level 7 in Fighting
 12126 | Lair:1   | Reached **** piety under Cheibriados
 12371 | Lair:1   | Reached skill level 13 in Dodging
 13154 | Lair:2   | Reached skill level 8 in Fighting
 13154 | Lair:2   | Reached skill level 9 in Spellcasting
 13186 | Lair:2   | Reached ***** piety under Cheibriados
 13414 | Lair:2   | Noticed an eight-headed hydra
 13469 | Lair:2   | Killed an eight-headed hydra
 13469 | Lair:2   | Reached skill level 10 in Spellcasting
 13763 | Lair:2   | Reached skill level 11 in Spellcasting
 13943 | Lair:3   | Reached XP level 12. HP: 55/64 MP: 28/28
 13991 | Lair:3   | Learned a level 6 spell: Poison Arrow
 14037 | Lair:3   | Reached skill level 1 in Poison Magic
 14173 | Lair:3   | Reached skill level 12 in Spellcasting
 14258 | Lair:3   | Reached skill level 1 in Conjurations
 14338 | Lair:3   | Reached skill level 2 in Poison Magic
 14674 | Lair:4   | Found a frozen archway.
 14726 | Lair:4   | Reached skill level 3 in Poison Magic
 14774 | Lair:4   | Reached skill level 2 in Conjurations
 14799 | IceCv    | Entered an ice cave
 14808 | IceCv    | Reached ****** piety under Cheibriados
 15015 | Lair:4   | Reached skill level 4 in Poison Magic
 15159 | Lair:4   | You fall through a shaft!
 15171 | Lair:5   | Reached skill level 3 in Conjurations
 15401 | Lair:4   | Found a stormy altar of Qazlal.
 15449 | Lair:4   | Reached skill level 5 in Poison Magic
 15658 | Lair:4   | Found a staircase to the Snake Pit.
 16041 | Lair:6   | Reached skill level 4 in Conjurations
 16178 | Lair:6   | Reached skill level 6 in Poison Magic
 16351 | Lair:6   | Found a labyrinth entrance.
 16359 | Lab      | Entered a labyrinth
 16595 | Lab      | Noticed a minotaur
 16598 | Lab      | Killed a minotaur
 16608 | Lab      | Identified the Reference Book on Evil Enhancements (You found it in a labyrinth)
 16890 | Lair:6   | Reached skill level 13 in Spellcasting
 16954 | Lair:6   | Reached XP level 13. HP: 68/68 MP: 29/31
 17364 | Lair:1   | Learned a level 3 spell: Regeneration
 17431 | Lair:2   | Reached skill level 5 in Conjurations
 17538 | Lair:2   | Reached skill level 7 in Poison Magic
 18831 | Lair:6   | Reached skill level 8 in Poison Magic
 19151 | Lair:6   | Found a staircase to the Swamp.
 19364 | Lair:7   | Reached skill level 6 in Conjurations
 19769 | Lair:7   | Reached skill level 9 in Poison Magic
 20005 | Lair:7   | Reached skill level 14 in Spellcasting
 20111 | Lair:7   | Reached skill level 7 in Conjurations
 21673 | D:9      | Reached XP level 14. HP: 73/73 MP: 33/33
 22342 | D:11     | Reached skill level 8 in Conjurations
 22821 | D:11     | Found an iron altar of Okawaru.
 23120 | D:11     | Noticed Grum
 23127 | D:11     | Killed Grum
 24144 | D:12     | Reached skill level 9 in Conjurations
 24287 | D:12     | Found Ihextusaty's Magic Scroll Shoppe.
 24300 | D:12     | Bought a scroll of random uselessness for 14 gold pieces
 24303 | D:12     | Bought a scroll of identify for 28 gold pieces
 24303 | D:12     | Bought a scroll of identify for 28 gold pieces
 24303 | D:12     | Bought a scroll of identify for 28 gold pieces
 24303 | D:12     | Bought a scroll of identify for 28 gold pieces
 24303 | D:12     | Bought a scroll of identify for 28 gold pieces
 24303 | D:12     | Bought a scroll of identify for 28 gold pieces
 24312 | D:12     | Bought a scroll of fog for 28 gold pieces
 24312 | D:12     | Bought a scroll of acquirement for 728 gold pieces
 24365 | D:12     | Reached skill level 10 in Poison Magic
 24543 | D:12     | Reached skill level 1 in Charms
 24571 | D:12     | Reached skill level 1 in Necromancy
 24762 | D:13     | Reached skill level 2 in Charms
 25075 | D:13     | Reached skill level 2 in Necromancy
 25245 | D:13     | Reached skill level 3 in Necromancy
 25374 | D:13     | Reached skill level 4 in Necromancy
 26482 | Lair:1   | Learned a level 6 spell: Poisonous Cloud
 26489 | Lair:1   | Learned a level 6 spell: Deflect Missiles
 26591 | Lair:8   | Entered Level 8 of the Lair of Beasts
 26665 | Lair:8   | Found a staircase to the Slime Pits.
 26813 | Lair:8   | Reached skill level 1 in Air Magic
 26866 | Lair:8   | Reached skill level 13 in Stealth
 26876 | Lair:8   | Reached skill level 2 in Air Magic
 27396 | Lair:8   | Reached skill level 3 in Air Magic
 27512 | Lair:8   | Reached XP level 15. HP: 77/77 MP: 33/34
 28209 | Lair:8   | Reached skill level 4 in Air Magic
 28806 | Lair:8   | Got a clouded bone amulet
 28991 | Lair:8   | Reached skill level 5 in Air Magic
 29192 | Lair:1   | Got a jewelled cloak
 29203 | Lair:1   | Identified the +2 cloak "Soze" {rPois} (You acquired it on level 1 of the Lair of Beasts)
 29204 | Lair:1   | Identified the amulet of Inoaduri {Faith rC++ Dex+4} (You found it on level 8 of the Lair of Beasts)
 29636 | D:14     | Found Korhith's Distillery.
 29721 | D:14     | Noticed Dirtsage's ghost (journeyman DsGl)
 29740 | D:14     | Killed Dirtsage's ghost
 29740 | D:14     | Reached skill level 4 in Charms
 29749 | D:14     | Bought a potion of invisibility for 112 gold pieces
 29749 | D:14     | Bought a potion of heal wounds for 70 gold pieces
 29749 | D:14     | Bought a potion of heal wounds for 70 gold pieces
 29749 | D:14     | Bought 2 potions of brilliance for 112 gold pieces
 29749 | D:14     | Bought a potion of heal wounds for 70 gold pieces
 29868 | D:14     | Noticed Roxanne
 29942 | D:14     | Found a gate to the Vaults.
 29951 | D:14     | Noticed Donald
 30392 | D:14     | Reached skill level 10 in Conjurations
 30393 | D:14     | Noticed Rupert
 30396 | D:14     | Killed Rupert
 30662 | D:14     | Found a shadowy altar of Dithmenos.
 30723 | D:14     | Reached skill level 5 in Charms
 30792 | D:14     | Killed Donald
 30797 | D:14     | Reached skill level 6 in Air Magic
 31040 | D:14     | Reached skill level 6 in Charms
 31518 | D:14     | Reached skill level 7 in Charms
 32076 | D:15     | Entered Level 15 of the Dungeon
 32213 | D:15     | Reached skill level 7 in Air Magic
 32248 | D:15     | Reached skill level 8 in Charms
 32549 | D:15     | Reached skill level 9 in Charms
 33023 | D:15     | Found Meud's Assorted Antiques.
 33340 | D:15     | Reached XP level 16. HP: 82/82 MP: 28/35
 33852 | D:15     | Found a staircase to the Depths.
 34053 | D:14     | Reached skill level 14 in Dodging
 34228 | Orc:1    | Entered Level 1 of the Orcish Mines
 34854 | Orc:1    | Reached skill level 9 in Fighting
 35075 | Orc:1    | Noticed Nergalle
 35078 | Orc:1    | Killed Nergalle
 35586 | Orc:2    | Entered Level 2 of the Orcish Mines
 35801 | Orc:1    | Noticed Harold
 35805 | Orc:1    | Killed Harold
 35862 | Orc:2    | Found a staircase to the Elven Halls.
 36183 | Orc:2    | Reached skill level 14 in Stealth
 37784 | Orc:2    | Reached skill level 15 in Dodging
 38583 | Orc:2    | Found Raeso's Food Boutique.
 38583 | Orc:2    | Found Peteuh's General Store.
 38667 | Orc:2    | Found Poyleik's Weapon Shop.
 38667 | Orc:2    | Found Ahegyeg's Antique Weapon Boutique.
 38879 | Elf:1    | Entered Level 1 of the Elven Halls
 39154 | Swamp:1  | Entered Level 1 of the Swamp
 39434 | Swamp:1  | Reached skill level 10 in Fighting
 39926 | Swamp:1  | Reached skill level 1 in Invocations
 40063 | Swamp:1  | Reached skill level 2 in Invocations
 40464 | Swamp:2  | Reached skill level 3 in Invocations
 40637 | Swamp:2  | Reached skill level 4 in Invocations
 40846 | Swamp:2  | Noticed Aizul
 40864 | Swamp:2  | Killed Aizul
 41137 | Swamp:2  | Reached skill level 5 in Invocations
 41972 | Swamp:3  | Reached skill level 6 in Invocations
 42726 | Swamp:3  | Reached skill level 7 in Invocations
 43020 | Swamp:4  | Entered Level 4 of the Swamp
 43063 | Swamp:4  | Reached XP level 17. HP: 83/89 MP: 30/36
 43504 | Swamp:4  | Reached skill level 8 in Invocations
 44150 | Swamp:4  | Reached skill level 9 in Invocations
 44816 | Swamp:4  | Reached skill level 10 in Invocations
 45182 | Swamp:4  | Got a decaying rune of Zot
 47626 | Snake:1  | Entered Level 1 of the Snake Pit
 48023 | Snake:1  | Reached skill level 11 in Poison Magic
 48453 | Snake:1  | Reached skill level 11 in Conjurations
 49534 | Snake:1  | Reached skill level 15 in Spellcasting
 49700 | Snake:1  | Reached XP level 18. HP: 83/93 MP: 34/38
 50004 | Vaults:1 | Entered Level 1 of the Vaults
 50205 | Vaults:1 | Reached skill level 12 in Poison Magic
 50601 | Vaults:1 | Noticed Asterion
 50619 | Vaults:1 | Killed Asterion
 52379 | Vaults:1 | Reached skill level 12 in Conjurations
 52822 | Vaults:1 | Reached skill level 13 in Poison Magic
 53244 | Vaults:1 | Reached skill level 1 in Long Blades
 53329 | Vaults:1 | Reached skill level 16 in Spellcasting
 53729 | Vaults:1 | Reached skill level 2 in Long Blades
 54177 | Vaults:2 | Reached skill level 3 in Long Blades
 54341 | Vaults:2 | Found a magical portal.
 54350 | WizLab   | Entered The Roulette of Golubria
 54352 | WizLab   | Found a corrupted altar of Lugonu.
 54532 | WizLab   | Reached skill level 4 in Long Blades
 54553 | WizLab   | Found a corrupted altar of Lugonu.
 54805 | WizLab   | Found a corrupted altar of Lugonu.
 55132 | WizLab   | Identified Otaen's Incunabulum of Dislocation (You found it in a wizard's laboratory)
 55206 | WizLab   | Reached skill level 5 in Long Blades
 55744 | WizLab   | Got a dazzling cloak
 55870 | WizLab   | Identified the +3 cloak of Mezcal {Int+2} (You found it in a wizard's laboratory)
 56153 | Lair:1   | Learned a level 5 spell: Phase Shift
 56402 | Vaults:2 | Reached skill level 6 in Long Blades
 56402 | Vaults:2 | Reached XP level 19. HP: 31/98 MP: 40/40
 56960 | Vaults:2 | Noticed Norris
 56988 | Vaults:2 | Killed Norris
 56988 | Vaults:2 | Reached skill level 7 in Long Blades
 57268 | Vaults:2 | Slain by a deep troll

Vault maps used:
D:1:      dpeg_arrival_oval
D:2:      ecumenical_altar_2, bloody_makhleb, uniq_robin
D:3:      nemelex_xobeh_ov_fountains_minmay, xom_teletrap_fun, uniq_purgy,
          uniq_grinder
D:4:      lemuel_castle_with_subvaults,
          grunt_temple_overflow_lords_of_destruction,
          lemuel_temple_firewalk_marked, first_bread
D:5:      serial_shops, nicolae_shop_waterfront, basic_altar,
          kennysheep_doodads, sigmund_edmund_badplayer
D:6:      minmay_goblin_kobold_castle, lemuel_blue_sif_altar, basic_altar,
          uniq_menkaure, uniq_duvessa, uniq_edmund
D:7:      kennysheep_spiral_hall, nicolae_overflow_crystal_walls, minitemple,
          uniq_pikel, uniq_crazy_yiuf_cottage
D:8:      david_lair_shrubbed
D:9:      hangedman_cross_cluster
D:10:     orc_0_dummy
D:11:     basic_altar, hangedman_stone_soup, serial_bayou_pond_b, uniq_grum
D:12:     serial_shops, nicolae_shop_statue_plus
D:14:     david_vaults_3, nicolae_dithmenos_through_a_glass_darkly,
          serial_shops, shop_statue, uniq_roxanne
D:15:     hangedman_depths_entry_try_elsewhere_first, serial_shops, shop
Temple:   circular_temple_12
Lair:2:   serial_bayou_lagoon_a, grunt_forest_stairs_clearing
Lair:4:   guppyfry_snake_entry_garden, basic_altar,
          portal_ice_cave_entry_ice_beasts
Lair:5:   bh_autumn_forest_stairs
Lair:6:   nicolae_swamp_entry_splash_gauntlet, lab_entry_generic,
          nicolae_lair_grove_arrangements, beast_lair_carwin_1,
          lemuel_fruit_tree
Lair:7:   roderic_lost_polar_bear
Lair:8:   due_jungle_book, minmay_slime_entry_jelly_boxes
Swamp:1:  evilmike_swamp_ruin_rubble_2, swamp_pool1
Swamp:2:  evilmike_swamp_ruin_house_6, uniq_aizul
Swamp:3:  hangedman_swamp_pad, nicolae_swamp_stair_fork, swamp_pool5,
          infiniplex_staircase_pool_2
Swamp:4:  swamp_fiery
Snake:1:  st_stairs_13
Orc:1:    uniq_harold, uniq_nergalle
Orc:2:    st_orc_pillars
Elf:1:    enter_trove_3, minmay_elf_demonology, grunt_megastairs_5, uniq_louise,
          uniq_frances
Vaults:1: nicolae_vaults_what_the_h, v_misc_11, v_misc_29,
          ontoclasm_vaults_gateway, st_check, vaults_dpeg_cross,
          hangedman_vaults_corner, v_misc_1, v_misc_8, v_alt_pattern_6,
          grunt_vaults_focal, vaults_dpeg_diagonal, uniq_asterion
Vaults:2: hangedman_vaults_stream, v_misc_11, hangedman_vaults_variations,
          nicolae_vaults_octagons, vaults_room_octagon, vaults_room_pool,
          nicolae_vaults_diagonal_hallway_7, vaults_room_grid, v_misc_27,
          nicolae_vaults_windows_and_doors_thing,
          nicolae_vaults_border_crossing, mu_enter_wizlab_3, uniq_norris,
          uniq_donald
Lab:      nicolae_lab_plus
IceCv:    ice_cave_statue_garden_01
WizLab:   wizlab_golubria

Vanquished Creatures
  Norris Rupert Asterion
  An eldritch tentacle
  A sphinx
  2 tentacled starspawn
  4 thorn hunters Aizul Donald
  The ghost of Dirtsage the Black Belt, a journeyman DsGl of Makhleb
  6 vault wardens
  An emperor scorpion
  An orc warlord
  3 ironheart preservers
  3 stone giants
  A very ugly thing
  A salamander stormcaller
  7 dire elephants
  A deep elf annihilator
  A lorocyproca
  A minotaur
  4 fire dragons
  3 vault guards
  A yaktaur captain
  7 naga warriors Harold
  22 hydras
  A rakshasa
  7 centaur warriors
  5 anacondas
  2 death knights
  4 ghost crabs
  10 alligators
  A dancing weapon
  6 death yaks
  2 ogre magi
  6 orc high priests
  A thrashing horror
  A shock serpent (shapeshifter)
  3 shock serpents Nergalle
  2 deep elf knights
  A skeletal warrior
  A fire crab (shapeshifter)
  3 ironbrand convokers
  A fire crab
  4 spriggan druids
  A flayed ghost
  3 unseen horrors
  2 naga ritualists
  2 deep trolls
  7 hill giants
  A deep elf archer
  5 swamp dragons
  2 shambling mangroves Pikel
  3 lindwurms
  2 phantasmal warriors
  2 mana vipers
  11 deep elf magi
  An obsidian statue
  7 orc knights
  7 griffons
  A wizard
  3 manticores
  21 ugly things
  4 salamanders
  5 wolf spiders
  A worldbinder
  7 vault sentinels
  3 orc sorcerers
  An octopode (shapeshifter)
  21 black mambas
  18 elephants
  5 cyclopes
  3 guardian serpents
  A sixfirhy
  7 naga magi
  2 torpor snails
  4 gargoyles
  A black mamba (shapeshifter)
  2 centaur skeletons
  A demonspawn skeleton
  10 komodo dragons
  19 yaktaurs
  A spiny frog (shapeshifter)
  3 demonic crawlers
  2 efreet
  A hellion
  An ice devil
  15 spiny frogs
  A hellwing
  5 kobold demonologists
  8 two-headed ogres
  A queen bee
  11 fire drakes
  7 polar bears
  10 trolls
  A merfolk
  4 giant leeches
  A polar bear (shapeshifter)
  10 freezing wraiths
  10 blink frogs
  27 slime creatures
  8 bog bodies Grinder
  2 boulder beetles
  3 shadows
  A trapdoor spider
  66 yaks Sigmund
  A water elemental
  3 vampires
  5 wyverns
  13 hippogriffs
  A ynoxinul
  A human (shapeshifter)
  2 hungry ghosts
  6 spriggans Grum
  3 wraiths
  17 humans
  2 basilisks
  A large abomination
  18 nagas
  3 mottled dragons
  37 vampire mosquitoes
  A chaos spawn Menkaure
  2 steam dragons
  4 wargs
  22 insubstantial wisps
  3 spatial vortices
  37 swamp worms Edmund
  A hell hound
  21 wolves
  21 water moccasins
  19 ice beasts
  7 swamp drakes
  A soldier ant Purgy
  9 porcupines
  10 sky beasts
  2 black bears
  2 phantoms
  32 ogres
  42 orc warriors
  2 eyes of draining
  11 wasps
  9 boggarts
  2 necrophages
  20 crocodiles
  12 centaurs
  7 big kobolds
  A small abomination
  21 giant frogs
  A glowing shapeshifter simulacrum
  A water moccasin zombie
  4 wights
  2 wyvern skeletons
  3 scorpions
  The ghost of st0uf the Shield-Bearer, a weakling FoFi
  44 killer bees
  2 quasits
  2 electric eels
  6 crimson imps
  2 giant frog zombies
  6 hounds
  13 orc wizards
  4 centaur zombies Crazy Yiuf
  31 orc priests
  2 giant frog skeletons
  22 jellies
  17 iguanas
  A killer bee zombie
  6 worker ants
  50 sheep
  A hound skeleton Robin
  41 river rats
  15 adders
  19 gnolls
  4 worker ant zombies
  A white imp
  3 shadow imps
  2 oozes
  2 adder skeletons
  An adder zombie
  3 worms
  The ghost of herpmino the Chopper, a weakling DsGl
  4 giant geckos
  85 orcs
  9 giant cockroaches
  20 goblins
  9 hobgoblins
  4 quokkas
  A ball python
  5 bats
  A giant gecko skeleton
  A giant gecko zombie
  4 giant newts
  27 jackals
  17 kobolds
  A quokka skeleton
  3 rats
  4 briar patches
  6334 eldritch tentacle segments
  A fire vortex
  23 fungi
  21 plants
  4 starspawn tentacles
  3 starspawn tentacle segments
7872 creatures vanquished.
